 Dungeon Crawl Stone Soup version 0.24.0-37-gcf1ca852f1 (webtiles) character file.

Game seed: 1083928170297030744, levelgen mode: deterministic

3673 Malga the Cudgeler (level 9, -2/82 HPs)
             Began as a Deep Dwarf Fighter on Nov 22, 2019.
             Was a Follower of Makhleb.
             Slain by a two-headed ogre
             ... wielding a +0 giant spiked club
              (15 damage)
             ... on level 8 of the Dungeon.
             The game lasted 00:39:48 (6684 turns).

Malga the Cudgeler (Deep Dwarf Fighter)             Turns: 6684, Time: 00:39:49

Health: -2/82      AC: 17    Str: 22    XL:     9   Next: 89%
Magic:  0/6        EV:  5    Int: 10    God:    Makhleb [*.....]
Gold:   425        SH: 11    Dex: 12    Spells: 8/8 levels left

rFire    . . .     SeeInvis +   d - +1 flail (crush)
rCold    . . .     Gourm    .   c - +0 shield
rNeg     . . .     Faith    .   o - +1 plate armour
rPois    +         Spirit   +   (no helmet)
rElec    .         Reflect  .   (no cloak)
rCorr    .         Harm     .   w - +0 pair of gloves
MR       +....                  (no boots)
Stlth    ..........             h - amulet of guardian spirit
HPRegen  0.00/turn              v - ring of poison resistance
MPRegen  0.10/turn              r - ring of see invisible

@: non-regenerating, hasted, very quick
A: damage resistance, heal wounds, slimy green scales 1, blurry vision 1, sense
surroundings 2, MP-powered wands, no regeneration
a: Heal Wounds, Renounce Religion


You were on level 8 of the Dungeon.
You worshipped Makhleb.
Makhleb was aware of your devotion.
You were not hungry.

You visited 2 branches of the dungeon, and saw 10 of its levels.

You collected 425 gold pieces.

Inventory:

Hand Weapons
 a - a +0 war axe
 d - a +1 flail of crushing (weapon)
 k - a +3 battleaxe
Armour
 c - a +0 shield (worn)
 o - a +1 plate armour (worn)
 s - a +4 scale mail of poison resistance
 w - a +0 pair of gloves (worn)
Jewellery
 h - an amulet of guardian spirit (around neck)
 l - a +2 ring of intelligence
 r - a ring of see invisible (right hand)
 v - a ring of poison resistance (left hand)
 y - an uncursed amulet of harm {unknown}
Wands
 t - a wand of iceblast (11)
Scrolls
 b - a scroll of blinking
 e - 2 scrolls of enchant weapon
 i - a scroll of amnesia
 m - a scroll of acquirement {unknown}
 n - 7 scrolls of identify
 p - a scroll of magic mapping
 x - a scroll of vulnerability {unknown}
 z - a scroll of teleportation
Potions
 j - a potion of magic
 q - 2 potions of flight
 u - a potion of brilliance {unknown}
Comestibles
 f - 16 rations


   Skills:
 + Level 5.8 Fighting
 + Level 6.6(8.6) Axes
 + Level 7.7(8.7) Maces & Flails
 + Level 7.3 Armour
 + Level 1.2 Dodging
 + Level 7.6 Shields


You had 8 spell levels left.
You didn't know any spells.
Your spell library contained the following spells:

 Spells                   Type           Power        Failure   Level  Hunger
 Animate Skeleton         Necr           N/A          100%        1    ##.....
 Apportation              Tloc           #.....       100%        1    ##.....
 Beastly Appendage        Tmut           #.....       100%        1    ##.....
 Confusing Touch          Hex            #.....       100%        1    ##.....
 Corona                   Hex            #......      100%        1    ##.....
 Sting                    Conj/Pois      #...         100%        1    ##.....
 Summon Small Mammal      Summ           #...         100%        1    ##.....
 Ensorcelled Hibernation  Hex/Ice        #.....       100%        2    ###....
 Poisonous Vapours        Pois/Air       #.....       100%        2    ###....
 Sticks to Snakes         Tmut           #.......     100%        2    ###....
 Confuse                  Hex            #.......     100%        3    ####...
 Dazzling Spray           Conj/Hex       #.....       100%        3    ####...
 Mephitic Cloud           Conj/Pois/Air  #.......     100%        3    ####...
 Spider Form              Tmut/Pois      #.........   100%        3    ####...
 Tukima's Dance           Hex            #.......     100%        3    ####...
 Ice Form                 Ice/Tmut       #.......     100%        4    #####..
 Olgreb's Toxic Radiance  Pois           #.......     100%        4    #####..
 Blade Hands              Tmut           #.........   100%        5    ######.
 Venom Bolt               Conj/Pois      #.........   100%        5    ######.


Dungeon Overview and Level Annotations

Branches:
Dungeon (9/15)             Temple (1/1) D:4
   Lair: D:8-11         Orc: D:9-12

Altars:
Ashenzari
Cheibriados
Dithmenos
Elyvilon
Fedhas
Gozag
Hepliaklqana
Kikubaaqudgha
Makhleb
Nemelex Xobeh
Okawaru
Qazlal
Ru
Sif Muna
Trog
Uskayaw
Vehumet
Wu Jian
Xom
Yredelemnul
Zin
The Shining One

Annotations:
D:3 3 runed translucent doors, Rayvis's ghost, amateur MiFi


Innate Abilities, Weirdness & Mutations

You are resistant to damage.
You can heal yourself by infusing magical energy.
You passively map the area around you.
You do not regenerate.
You are partially covered in slimy green scales. (AC +2)
Scrolls take you a little longer to read.
You expend magic power (3 MP) to strengthen your wands.


Message History

The two-headed ogre hits you with a cursed -3 giant club!
You are too injured to fight recklessly!
You are too injured to fight recklessly!
The two-headed ogre hits you with a +0 giant spiked club.
The two-headed ogre hits you but does no damage.
You climb upwards.
There is a stone staircase leading down here.
You feel yourself speed up.
You sock the two-headed ogre!
The two-headed ogre is moderately wounded.
The two-headed ogre hits you with a +0 giant spiked club!
The two-headed ogre hits you but does no damage.
You hit the two-headed ogre.
The two-headed ogre is heavily wounded.
You hit the two-headed ogre.
The two-headed ogre is heavily wounded.
The two-headed ogre hits you with a +0 giant spiked club!
* * * LOW HITPOINT WARNING * * *
The two-headed ogre hits you with a cursed -3 giant club!
You die...

#.######.###.....##### #######.#
#.............# ## #.#...#.#
###..........### #. #.....#.#
#.....[........# #. #.......###
###......#...#.####.
##.......).####...........#......
.......#.#.#...................#.
##...#.#.....##O#..#.........###.
##.......#.#.##.@.........##.###.
...........#.......#.............
#........###.##.#.........#..###.
#....##..# #................## ##
.........###.##.##...########
#..#.##......##.##....#
>....##########.##....#
......................########
.........###.................#


You could see a two-headed ogre.

Vanquished Creatures
  A two-headed ogre (D:8)
  A hornet (D:8)
  Prince Ribbit (D:8)
  A spriggan (D:7)
  Menkaure (D:7)
  Edmund (D:5)
  A water moccasin (D:6)
  An ice beast (D:7)
  2 orc warriors (D:6)
  2 phantoms
  A necrophage (D:7)
  5 ogres
  A wyvern zombie (D:7)
  A gnoll sergeant (D:7)
  2 scorpions
  3 wights (D:7)
  A howler monkey (D:7)
  2 crimson imps
  A centaur zombie (D:6)
  3 orc priests
  A gnoll shaman (D:6)
  A hound (D:5)
  8 orc wizards
  An iguana (D:8)
  2 worker ants
  A hound zombie (D:7)
  A hound skeleton (D:6)
  9 gnolls
  3 adders
  2 shadow imps
  An ooze (D:1)
  5 adder skeletons
  4 worms
  4 dart slugs
  5 leopard geckos
  17 orcs
  A ball python (D:5)
  6 bats
  3 giant cockroaches
  5 hobgoblins
  6 jackals
  4 quokkas
  12 frilled lizards
  9 goblins
  A jackal skeleton (D:5)
  A jackal zombie (D:8)
  5 kobolds
  A leopard gecko skeleton (D:5)
  2 leopard gecko zombies
  2 rats
155 creatures vanquished.

Notes
Turn   | Place    | Note
-------+----------+-------------------------------------------
     0 | D:1      | Malga the Deep Dwarf Fighter began the quest for the Orb.
     0 | D:1      | Reached XP level 1. HP: 20/20 MP: 1/1
   313 | D:1      | Reached XP level 2. HP: 27/27 MP: 2/2
   680 | D:2      | Reached XP level 3. HP: 19/33 MP: 3/3
   800 | D:2      | Found a white marble altar of Elyvilon.
  1457 | D:2      | Gained mutation: You expend magic power (3 MP) to
                  | strengthen your wands. [potion of mutation]
  1457 | D:2      | Gained mutation: Scrolls take you a little longer to read.
                  | [potion of mutation]
  1457 | D:2      | Gained mutation: You are partially covered in slimy green
                  | scales. (AC +2) [potion of mutation]
  1618 | D:3      | Reached XP level 4. HP: 41/42 MP: 4/4
  1756 | D:3      | Noticed Rayvis's ghost (amateur MiFi)
  1800 | D:3      | Found a runed translucent gate.
  1800 | D:3      | Found a runed translucent gate.
  1800 | D:3      | Found a runed translucent gate.
  2514 | D:4      | Reached XP level 5. HP: 49/49 MP: 5/5
  2615 | D:4      | Found a staircase to the Ecumenical Temple.
  2725 | D:4      | Reached XP level 6. HP: 40/56 MP: 6/6
  3034 | D:4      | Reached skill level 5 in Shields
  3125 | D:4      | Found a glowing golden altar of the Shining One.
  3234 | D:5      | Entered Level 5 of the Dungeon
  3272 | D:5      | Reached skill level 5 in Axes
  3347 | D:5      | Reached XP level 7. HP: 38/63 MP: 0/7
  3370 | D:5      | Reached skill level 5 in Armour
  3533 | D:5      | Noticed Edmund
  3541 | D:5      | Killed Edmund
  4092 | D:6      | Reached skill level 1 in Maces & Flails
  4101 | D:6      | Reached skill level 1 in Dodging
  4104 | D:6      | Reached XP level 8. HP: 26/72 MP: 0/8
  4250 | D:6      | Found a burning altar of Makhleb.
  4782 | Temple   | Entered the Ecumenical Temple
  4990 | Temple   | Became a worshipper of Makhleb the Destroyer
  5480 | D:7      | Noticed Menkaure
  5621 | D:7      | Reached * piety under Makhleb
  5643 | D:7      | Reached skill level 5 in Fighting
  5649 | D:7      | Reached skill level 5 in Maces & Flails
  5655 | D:7      | Gained mutation: You passively map the area around you.
                  | [Deep Dwarf growth]
  5655 | D:7      | Reached XP level 9. HP: 55/81 MP: 0/6
  5706 | D:7      | Killed Menkaure
  6010 | D:8      | Noticed a two-headed ogre
  6026 | D:8      | Killed a two-headed ogre
  6174 | D:8      | Noticed Prince Ribbit
  6183 | D:8      | Killed Prince Ribbit
  6674 | D:9      | Noticed a two-headed ogre
  6684 | D:8      | Slain by a two-headed ogre

Levels and vault maps discovered:
D:1:      co_arrival_square_in_a_square_in_a_square, layout_basic, serial_glass,
          glass_columns_a, glass_columns_b, minmay_ruptured
D:2:      layout_basic, elyvilon_altar_5
D:3:      layout_loops_ring, gammafunk_ghost_icy, minmay_lizard_king
D:4:      layout_basic, tso_oasis_becter, minmay_temple_entry_offerings,
          minmay_misc_feat_tiny, chequers_mini_garden
D:5:      cheibrodos_quashed, layout_loops_ring, first_ration, uniq_edmund
D:6:      layout_basic, basic_altar
D:7:      layout_cave_pools, serial_glass, glass_columns_c, glass_columns_a,
          the_bakery, uniq_menkaure
D:8:      layout_basic, wad_dig_loot, uniq_prince_ribbit1
D:9:      minmay_chambers_of_sevens, layout_layer_cave, serial_shops,
          nicolae_shop_waterfront
Temple:   regret_index_temple_chain_breaker

Skill      XL: |  1  2  3  4  5  6  7  8  9 |
---------------+----------------------------+-----
Axes           | 3 4 5 6 |  6.6
Armour         | 4 5 6 7 |  7.3
Fighting       | 3 4 5 |  5.8
Shields        | 4 5 6 7 |  7.6
Maces & Flails | 1 5 7 |  7.7
Dodging        | 1 |  1.2

Action                   |  1- 3 |  4- 6 |  7- 9 || total
-------------------------+-------+-------+-------++-------
Melee: War axe           |   127 |   208 |    41 ||   376
       Flail             |       |       |   353 ||   353
 Abil: Heal Wounds       |     1 |     3 |    15 ||    19
  Use: Scroll            |     3 |     2 |     9 ||    14
       Potion            |     3 |       |     5 ||     8
  Eat: Ration            |     1 |     2 |     3 ||     6
       Chunk             |       |     1 |       ||     1
Armor: Scale mail        |    15 |       |    25 ||    40
       Plate armour      |    59 |   128 |   175 ||   362
Dodge: Dodged            |    17 |    36 |    94 ||   147
Block: Shield            |    57 |    96 |   202 ||   355
